Winnipeg Jets vs Tampa Bay Lightning
Created - Monday, April 10, 2023 at 07:34
Goals
|
| Winnipeg Jets |
2 |
0 |
1 |
3 |
| Tampa Bay Lightning |
2 |
0 |
2 |
4 |
|
Shots
|
| Winnipeg Jets |
14 |
12 |
11 |
37 |
| Tampa Bay Lightning |
10 |
14 |
9 |
33 |
|
1st period
1. Winnipeg Jets , Mark Stone 5 (Ryan Nugent-Hopkins 12, Connor McDavid 19) at 5:10 (PP)
2. Winnipeg Jets , Ryan Nugent-Hopkins 11 (Connor McDavid 20) at 6:22 (PP)
3. Tampa Bay Lightning , Kirill Kaprizov 13 (Moritz Seider 8, Connor Brown 6) at 11:21
4. Tampa Bay Lightning , Johnny Gaudreau 10 (Tomas Hertl 9) at 18:44
Penalties :
Aaron Ekblad (WPG) for Holding (Minor) at 1:58, Alexander Kerfoot (TBL) for Hooking (Minor) at 5:03, Kirill Kaprizov (TBL) for Cross-checking (Minor) at 6:06, Vladislav Gavrikov (TBL) for Tripping (Minor) at 7:31, Seth Jones (WPG) for Hooking (Minor) at 13:16
2nd period
No Goal
Penalties :
Aaron Ekblad (WPG) for Hooking (Minor) at 3:04, Connor McDavid (WPG) for Hooking (Minor) at 9:52
3rd period
5. Tampa Bay Lightning , Tomas Hertl 13 (Kirill Kaprizov 20, Johnny Gaudreau 16) at 0:33 (PP)
6. Tampa Bay Lightning , Gabriel Landeskog 13 (Roope Hintz 10, Moritz Seider 9) at 14:14 (PP)
7. Winnipeg Jets , Kyle Palmieri 1 (Nick Suzuki 10, Jonathan Marchessault 11) at 15:52
Penalties :
Jacob Trouba (WPG) for Hooking (Minor) at 0:18, Alexander Romanov (TBL) for Interference (Minor) at 3:54, Nick Suzuki (WPG) for Slashing (Minor) at 9:46, Darnell Nurse (TBL) for Holding (Minor) at 10:02, Jonathan Marchessault (WPG) for Interference (Minor) at 12:53, John Klingberg (WPG) for Hooking (Minor) at 17:38
Goalie Stats
Connor Hellebuyck (WPG), 29 saves from 33 shots - (0.879), L, 10-9-2, 59:57 minutes
Darcy Kuemper (TBL), 34 saves from 37 shots - (0.919), W, 7-6-1, 60:00 minutes
Players Stats for Winnipeg Jets
Player Name G A P +/- PIM S H SB GA TA FO MP PP MP PK MP
------------------------------------------------------------------------------------
Aaron Ekblad 0 0 0 0 4 3 0 3 0 0 0/0 20:48 2:02 3:17
Andrew Cogliano 0 0 0 0 0 3 2 1 1 0 0/0 13:52 0:00 5:54
Andrew Copp 0 0 0 -1 0 3 1 0 1 1 0/0 19:15 2:20 5:12
Brandon Montour 0 0 0 0 0 3 0 1 0 0 0/0 21:28 1:49 5:56
Connor McDavid 0 2 2 0 2 2 1 0 2 1 7/15 14:14 2:14 0:00
Dylan Larkin 0 0 0 -1 0 4 1 0 2 0 7/15 14:03 2:20 0:00
Eeli Tolvanen 0 0 0 0 0 1 0 0 0 0 0/0 6:31 0:03 0:00
Jacob Trouba 0 0 0 -1 2 0 2 0 0 1 0/0 20:53 0:03 5:41
John Klingberg 0 0 0 0 2 0 3 0 0 3 0/0 17:09 2:32 0:11
Jonathan Marchessault 0 1 1 0 2 1 0 0 0 0 0/1 11:44 0:00 0:00
Kevin Shattenkirk 0 0 0 -1 0 1 1 3 0 3 0/0 21:20 0:16 5:40
Kyle Palmieri 1 0 1 0 0 1 1 0 0 0 0/1 10:48 0:00 0:00
Mark Stone 1 0 1 0 0 1 0 0 0 0 2/6 15:27 2:17 0:50
Mathew Barzal 0 0 0 -1 0 2 0 2 0 1 1/1 15:19 2:20 0:25
Nick Suzuki 0 1 1 0 2 2 0 0 0 0 10/27 15:58 0:03 5:14
Pius Suter 0 0 0 0 0 4 1 0 2 0 7/11 13:57 0:00 5:59
Ryan Nugent-Hopkins 1 1 2 0 0 1 1 0 0 0 0/0 13:29 2:14 0:00
Seth Jones 0 0 0 0 2 5 1 0 0 0 0/0 20:07 2:32 2:49
Players Stats for Tampa Bay Lightning
Player Name G A P +/- PIM S H SB GA TA FO MP PP MP PK MP
------------------------------------------------------------------------------------
Alexander Kerfoot 0 0 0 0 2 0 0 0 0 0 0/0 7:12 0:00 0:00
Alexander Romanov 0 0 0 -1 2 1 1 3 0 0 0/0 12:53 0:39 1:46
Anze Kopitar 0 0 0 0 0 6 2 0 1 1 22/34 21:12 5:50 2:35
Christian Dvorak 0 0 0 1 0 1 1 0 1 0 0/0 13:51 0:00 1:03
Connor Brown 0 1 1 1 0 0 0 0 0 1 0/0 13:30 0:00 1:03
Darnell Nurse 0 0 0 1 2 1 2 0 0 0 0/0 25:55 7:00 1:29
Dylan Cozens 0 0 0 0 0 2 0 0 0 0 1/2 11:00 0:00 0:11
Gabriel Landeskog 1 0 1 0 0 2 2 1 1 1 1/1 18:39 5:50 0:02
Hampus Lindholm 0 0 0 -1 0 1 1 0 0 0 0/0 17:45 4:07 0:59
Ivan Barbashev 0 0 0 0 0 1 1 1 0 0 0/0 6:58 0:00 0:00
Johnny Gaudreau 1 1 2 0 0 4 4 0 0 1 2/2 16:17 5:57 0:00
Kirill Kaprizov 1 1 2 1 2 4 0 0 2 1 2/3 20:45 5:57 0:45
Lars Eller 0 0 0 0 0 0 0 0 1 0 2/5 7:51 0:00 0:48
Moritz Seider 0 2 2 1 0 0 1 0 1 0 0/0 24:27 7:40 2:07
Roope Hintz 0 1 1 0 0 5 1 1 1 0 5/12 16:23 5:50 0:00
Ryan Graves 0 0 0 1 0 0 0 3 0 2 0/0 20:16 4:07 1:24
Tomas Hertl 1 1 2 0 0 3 3 0 2 1 8/18 19:25 5:57 2:47
Vladislav Gavrikov 0 0 0 1 2 2 0 1 0 0 0/0 19:16 0:00 1:29
3 Stars
1 - Johnny Gaudreau (TBL)
2 - Tomas Hertl (TBL)
3 - Ryan Nugent-Hopkins (WPG)
Power Play
Winnipeg Jets - 2 on 5 Attempt(s) - 40.00%
Tampa Bay Lightning - 2 on 8 Attempt(s) - 25.00%
Penalty Kill
Winnipeg Jets - 6 on 8 Attempt(s) - 75.00%
- Score 0 goal in Penalty Kill
Tampa Bay Lightning - 3 on 5 Attempt(s) - 60.00%
- Score 0 goal in Penalty Kill
Team Stat
Winnipeg Jets - Hits : 15 - Faceoff Wins : 34 - Blocked Shots : 10 - Penalty Minutes : 16
Tampa Bay Lightning - Hits : 19 - Faceoff Wins : 43 - Blocked Shots : 10 - Penalty Minutes : 10
Official
Referees : Jean Hebert and Justin StPierre
Linesman : Derek Amell and Scott Driscoll
Game Notes
No Game Note
Finance
Level 1 -- Attendance: 6000 (100.00%) -- Ticket Income $570,000
Level 2 -- Attendance: 4462 (89.24%) -- Ticket Income $245,410
Level 3 -- Attendance: 2612 (87.07%) -- Ticket Income $88,808
Level 4 -- Attendance: 4889 (97.78%) -- Ticket Income $102,669
Luxury Box -- Attendance: 886 (88.60%) -- Ticket Income $172,770
Game was played at the Tampa Bay Times Forum.
Total Attendance: 18849 (94.25%)
Total Ticket Income: $1,179,657
Other Income: $412,880
Total Income: $1,592,537
Winnipeg Jets
5 vs 5 Forward
Center Left Wing Right Wing Time % Phy DF OF
1 Connor McDavid Ryan Nugent-Hopkins Mark Stone 30 1 1 3
2 Dylan Larkin Mathew Barzal Andrew Copp 30 1 1 3
3 Nick Suzuki Jonathan Marchessault Kyle Palmieri 25 1 2 2
4 Pius Suter Andrew Cogliano Eeli Tolvanen 15 1 2 2
5 vs 5 Defense
Defense Defense Time % Phy DF OF
1 Aaron Ekblad Seth Jones 35 1 2 2
2 Brandon Montour Jacob Trouba 35 1 2 2
3 Kevin Shattenkirk John Klingberg 30 1 2 2
4 Seth Jones Brandon Montour 0 1 2 2
PowerPlay Forward
Center Left Wing Right Wing Time % Phy DF OF
1 Connor McDavid Ryan Nugent-Hopkins Mark Stone 50 1 0 4
2 Dylan Larkin Mathew Barzal Andrew Copp 50 1 1 3
PowerPlay Defense
Defense Defense Time % Phy DF OF
1 Aaron Ekblad Brandon Montour 50 1 1 3
2 John Klingberg Seth Jones 50 1 2 2
Penalty Kill 4 Players Forward
Center Wing Time % Phy DF OF
1 Pius Suter Andrew Cogliano 50 1 3 1
2 Nick Suzuki Andrew Copp 50 1 3 1
Penalty Kill 4 Players Defense
Defense Defense Time % Phy DF OF
1 Aaron Ekblad Kevin Shattenkirk 50 1 3 1
2 Jacob Trouba Brandon Montour 50 1 3 1
Penalty Kill - 3 Players Forward
Forward Time % Phy DF OF
1 Pius Suter 50 1 2 2
2 Andrew Copp 50 1 2 2
Penalty Kill - 3 Players Defense
Defense Defense Time % Phy DF OF
1 Aaron Ekblad Kevin Shattenkirk 50 1 2 2
2 Jacob Trouba Seth Jones 50 1 2 2
4 vs 4 Forward
Center Wing Time % Phy DF OF
1 Nick Suzuki Mark Stone 50 1 2 2
2 Connor McDavid Jonathan Marchessault 50 1 2 2
4 vs 4 Defense
Defense Defense Time % Phy DF OF
1 John Klingberg Jacob Trouba 50 1 2 2
2 Kevin Shattenkirk Aaron Ekblad 50 1 2 2
Last Minutes Offensive
Center Left Wing Right Wing Defense Defense
Connor McDavid Ryan Nugent-Hopkins Mark Stone Aaron Ekblad Brandon Montour
Last Minutes Defensive
Center Left Wing Right Wing Defense Defense
Pius Suter Andrew Cogliano Andrew Copp Kevin Shattenkirk Jacob Trouba
Goaltenders
Starting : Connor Hellebuyck
Backup : Jake Allen
Extra Forwards
Normal : Jonathan Marchessault, Mathew Barzal, Eeli Tolvanen - PP : Jonathan Marchessault, Nick Suzuki - PK : Mark Stone
Extra Defensemen
Normal : John Klingberg, Brandon Montour, Seth Jones - PP : Jacob Trouba - PK : Seth Jones, John Klingberg
Penalty Shots
Connor McDavid, Ryan Nugent-Hopkins, Dylan Larkin, Nick Suzuki, Andrew Copp
Tampa Bay Lightning
5 vs 5 Forward
Center Left Wing Right Wing Time % Phy DF OF
1 Anze Kopitar Gabriel Landeskog Kirill Kaprizov 35 1 2 2
2 Tomas Hertl Johnny Gaudreau Connor Brown 32 1 2 2
3 Roope Hintz Christian Dvorak Dylan Cozens 28 1 2 2
4 Lars Eller Alexander Kerfoot Ivan Barbashev 5 1 2 2
5 vs 5 Defense
Defense Defense Time % Phy DF OF
1 Darnell Nurse Vladislav Gavrikov 40 1 2 2
2 Moritz Seider Ryan Graves 35 1 2 2
3 Hampus Lindholm Alexander Romanov 25 1 2 2
4 Darnell Nurse Vladislav Gavrikov 0 1 2 2
PowerPlay Forward
Center Left Wing Right Wing Time % Phy DF OF
1 Tomas Hertl Johnny Gaudreau Kirill Kaprizov 60 1 2 2
2 Anze Kopitar Roope Hintz Gabriel Landeskog 40 1 2 2
PowerPlay Defense
Defense Defense Time % Phy DF OF
1 Moritz Seider Darnell Nurse 60 1 2 2
2 Hampus Lindholm Ryan Graves 40 1 2 2
Penalty Kill 4 Players Forward
Center Wing Time % Phy DF OF
1 Anze Kopitar Tomas Hertl 60 1 2 2
2 Christian Dvorak Connor Brown 40 1 2 2
Penalty Kill 4 Players Defense
Defense Defense Time % Phy DF OF
1 Alexander Romanov Vladislav Gavrikov 60 1 2 2
2 Ryan Graves Darnell Nurse 40 1 2 2
Penalty Kill - 3 Players Forward
Forward Time % Phy DF OF
1 Tomas Hertl 60 1 2 2
2 Anze Kopitar 40 1 2 2
Penalty Kill - 3 Players Defense
Defense Defense Time % Phy DF OF
1 Alexander Romanov Vladislav Gavrikov 60 1 2 2
2 Ryan Graves Darnell Nurse 40 1 2 2
4 vs 4 Forward
Center Wing Time % Phy DF OF
1 Anze Kopitar Gabriel Landeskog 60 1 2 2
2 Tomas Hertl Connor Brown 40 1 2 2
4 vs 4 Defense
Defense Defense Time % Phy DF OF
1 Darnell Nurse Vladislav Gavrikov 60 1 2 2
2 Moritz Seider Ryan Graves 40 1 2 2
Last Minutes Offensive
Center Left Wing Right Wing Defense Defense
Anze Kopitar Gabriel Landeskog Kirill Kaprizov Darnell Nurse Moritz Seider
Last Minutes Defensive
Center Left Wing Right Wing Defense Defense
Anze Kopitar Tomas Hertl Connor Brown Darnell Nurse Vladislav Gavrikov
Goaltenders
Starting : Darcy Kuemper
Backup : Jeremy Swayman
Extra Forwards
Normal : Kirill Kaprizov, Gabriel Landeskog, Dylan Cozens - PP : Dylan Cozens, Ivan Barbashev - PK : Lars Eller
Extra Defensemen
Normal : Moritz Seider, Darnell Nurse, Hampus Lindholm - PP : Vladislav Gavrikov - PK : Moritz Seider, Hampus Lindholm
Penalty Shots
Christian Dvorak, Anze Kopitar, Kirill Kaprizov, Johnny Gaudreau, Alexander Kerfoot
% Time on Ice - Winnipeg Jets
Lines # - Real PCT - Wanted PCT - Time Play
Normal Forward
1 - 31% - 30% - 13:04
2 - 28% - 30% - 11:52
3 - 26% - 25% - 10:48
4 - 15% - 15% - 6:09
Normal Defense
1 - 35% - 35% - 14:32
2 - 37% - 35% - 15:18
3 - 28% - 30% - 11:41
4 - 1% - 0% - 0:22
PP Forward
1 - 49% - 50% - 2:17
2 - 51% - 50% - 2:20
PP Defense
1 - 39% - 50% - 1:49
2 - 61% - 50% - 2:48
PK Forward
1 - 53% - 50% - 6:17
2 - 47% - 50% - 5:30
PK Defense
1 - 50% - 50% - 5:51
2 - 50% - 50% - 5:56
PK3 Forward
1 - 0% - 50%
2 - 0% - 50%
PK3 Defense
1 - 0% - 50%
2 - 0% - 50%
44 Forward
1 - 63% - 50% - 1:05
2 - 37% - 50% - 0:38
44 Defense
1 - 45% - 50% - 0:46
2 - 55% - 50% - 0:57
Last Minute Offensive - 0:00
Last Minute Defensive - 0:00
Total
Forward - 60:00
Defense - 60:00
|
% Time on Ice - Tampa Bay Lightning
Lines # - Real PCT - Wanted PCT - Time Play
Normal Forward
1 - 28% - 35% - 11:56
2 - 30% - 32% - 12:32
3 - 25% - 28% - 10:27
4 - 17% - 5% - 6:58
Normal Defense
1 - 41% - 40% - 17:21
2 - 35% - 35% - 14:33
3 - 24% - 25% - 9:59
4 - 0% - 0% - 0:00
PP Forward
1 - 50% - 60% - 5:57
2 - 50% - 40% - 5:50
PP Defense
1 - 65% - 60% - 7:40
2 - 35% - 40% - 4:07
PK Forward
1 - 77% - 60% - 3:34
2 - 23% - 40% - 1:03
PK Defense
1 - 70% - 60% - 3:13
2 - 30% - 40% - 1:24
PK3 Forward
1 - 0% - 60%
2 - 0% - 40%
PK3 Defense
1 - 0% - 60%
2 - 0% - 40%
44 Forward
1 - 84% - 60% - 1:27
2 - 16% - 40% - 0:16
44 Defense
1 - 88% - 60% - 1:31
2 - 12% - 40% - 0:12
Last Minute Offensive - 0:00
Last Minute Defensive - 0:00
Total
Forward - 60:00
Defense - 60:00
|
Play-by-Play
1st period
0:01 of 1st period - Anze Kopitar wins face-off versus Mark Stone in neutral zone.
0:16 of 1st period - Snap shot by Anze Kopitar.
0:16 of 1st period - Shot Misses the Net.
0:32 of 1st period - Slapshot by Dylan Larkin.
0:32 of 1st period - Shot Misses the Net.
0:35 of 1st period - Icing by Darnell Nurse.
0:36 of 1st period - Nick Suzuki wins face-off versus Tomas Hertl in Tampa Bay Lightning zone.
1:03 of 1st period - Christian Dvorak is hit by Andrew Cogliano and loses puck.
1:32 of 1st period - Darnell Nurse is hit by John Klingberg and loses puck.
1:58 of 1st period - Minor Penalty to Aaron Ekblad for Holding.
1:59 of 1st period - Pius Suter wins face-off versus Tomas Hertl in Winnipeg Jets zone.
2:50 of 1st period - Nick Suzuki is hit by Johnny Gaudreau and loses puck.
3:53 of 1st period - Icing by Ryan Graves.
3:54 of 1st period - Mark Stone wins face-off versus Tomas Hertl in Tampa Bay Lightning zone.
3:58 of 1st period - Penalty to Aaron Ekblad is over, Aaron Ekblad is back on ice.
4:07 of 1st period - Seth Jones is hit by Ivan Barbashev and loses puck.
4:48 of 1st period - Wrist shot by Aaron Ekblad.
4:48 of 1st period - Shot Misses the Net.
5:03 of 1st period - Minor Penalty to Alexander Kerfoot for Hooking.
5:04 of 1st period - Anze Kopitar wins face-off versus Connor McDavid in Tampa Bay Lightning zone.
5:10 of 1st period - Slapshot by Ryan Nugent-Hopkins.
5:10 of 1st period - Deflect By Mark Stone.
5:10 of 1st period - Goal by Mark Stone - Winnipeg Jets : 1 - Tampa Bay Lightning : 0.
5:11 of 1st period - Dylan Larkin wins face-off versus Roope Hintz in neutral zone.
5:14 of 1st period - Snap shot by Andrew Copp.
5:14 of 1st period - Stopped by Darcy Kuemper with a rebound.
6:06 of 1st period - Minor Penalty to Kirill Kaprizov for Cross-checking.
6:07 of 1st period - Anze Kopitar wins face-off versus Dylan Larkin in Tampa Bay Lightning zone.
6:10 of 1st period - Wrist shot by Dylan Larkin.
6:10 of 1st period - Shot Blocked by Alexander Romanov.
6:12 of 1st period - Wrist shot by Dylan Larkin.
6:12 of 1st period - Stopped by Darcy Kuemper with a rebound.
6:14 of 1st period - Slapshot by Seth Jones.
6:14 of 1st period - Stopped by Darcy Kuemper with a rebound.
6:16 of 1st period - Wrist shot by Dylan Larkin.
6:16 of 1st period - Shot Blocked by Alexander Romanov.
6:18 of 1st period - Snap shot by Dylan Larkin.
6:18 of 1st period - Stopped by Darcy Kuemper without a rebound.
6:19 of 1st period - Connor McDavid wins face-off versus Anze Kopitar in Tampa Bay Lightning zone.
6:22 of 1st period - Wrist shot by Ryan Nugent-Hopkins.
6:22 of 1st period - Goal by Ryan Nugent-Hopkins - Winnipeg Jets : 2 - Tampa Bay Lightning : 0.
6:23 of 1st period - Anze Kopitar wins face-off versus Dylan Larkin in neutral zone.
6:32 of 1st period - Slapshot by Gabriel Landeskog.
6:32 of 1st period - Shot Misses the Net.
6:34 of 1st period - Snap shot by Anze Kopitar.
6:34 of 1st period - Stopped by Connor Hellebuyck with a rebound.
6:36 of 1st period - Slapshot by Moritz Seider.
6:36 of 1st period - Shot Blocked by Kevin Shattenkirk.
7:12 of 1st period - Wrist shot by Dylan Cozens.
7:12 of 1st period - Stopped by Connor Hellebuyck with a rebound.
7:14 of 1st period - Wrist shot by Hampus Lindholm.
7:14 of 1st period - Deflect By Dylan Cozens.
7:14 of 1st period - Shot Misses the Net.
7:14 of 1st period - Puck is out of play.
7:15 of 1st period - Pius Suter wins face-off versus Roope Hintz in Winnipeg Jets zone.
7:24 of 1st period - Wrist shot by Andrew Cogliano.
7:24 of 1st period - Stopped by Darcy Kuemper with a rebound.
7:26 of 1st period - Wrist shot by Pius Suter.
7:26 of 1st period - Shot Misses the Net.
7:28 of 1st period - Slapshot by Brandon Montour.
7:28 of 1st period - Stopped by Darcy Kuemper without a rebound.
7:29 of 1st period - Kirill Kaprizov wins face-off versus Dylan Larkin in Tampa Bay Lightning zone.
7:31 of 1st period - Minor Penalty to Vladislav Gavrikov for Tripping.
7:32 of 1st period - Anze Kopitar wins face-off versus Mark Stone in Tampa Bay Lightning zone.
9:29 of 1st period - Mathew Barzal is hit by Alexander Romanov and loses puck.
9:31 of 1st period - Penalty to Vladislav Gavrikov is over, Vladislav Gavrikov is back on ice.
11:11 of 1st period - Wrist shot by Kirill Kaprizov.
11:11 of 1st period - Shot Blocked by Mathew Barzal.
11:13 of 1st period - Slapshot by Kirill Kaprizov.
11:13 of 1st period - Shot Misses the Net.
11:15 of 1st period - Snap shot by Kirill Kaprizov.
11:15 of 1st period - Shot Misses the Net.
11:17 of 1st period - Snap shot by Kirill Kaprizov.
11:17 of 1st period - Shot Misses the Net.
11:19 of 1st period - Wrist shot by Connor Brown.
11:19 of 1st period - Shot Blocked by Kevin Shattenkirk.
11:21 of 1st period - Slapshot by Moritz Seider.
11:21 of 1st period - Deflect By Kirill Kaprizov.
11:21 of 1st period - Goal by Kirill Kaprizov - Winnipeg Jets : 2 - Tampa Bay Lightning : 1.
11:22 of 1st period - Nick Suzuki wins face-off versus Lars Eller in neutral zone.
11:31 of 1st period - Wrist shot by Nick Suzuki.
11:31 of 1st period - Shot Blocked by Ivan Barbashev.
11:33 of 1st period - Slapshot by Aaron Ekblad.
11:33 of 1st period - Stopped by Darcy Kuemper with a rebound.
11:35 of 1st period - Slapshot by Seth Jones.
11:35 of 1st period - Stopped by Darcy Kuemper without a rebound.
11:36 of 1st period - Connor McDavid wins face-off versus Lars Eller in Tampa Bay Lightning zone.
12:12 of 1st period - Slapshot by Ivan Barbashev.
12:12 of 1st period - Shot Misses the Net.
12:14 of 1st period - Slapshot by Hampus Lindholm.
12:14 of 1st period - Stopped by Connor Hellebuyck with a rebound.
12:48 of 1st period - Wrist shot by Lars Eller.
12:48 of 1st period - Shot Misses the Net.
13:05 of 1st period - Icing by Hampus Lindholm.
13:06 of 1st period - Lars Eller wins face-off versus Nick Suzuki in Tampa Bay Lightning zone.
13:16 of 1st period - Minor Penalty to Seth Jones for Hooking.
13:17 of 1st period - Tomas Hertl wins face-off versus Nick Suzuki in Winnipeg Jets zone.
13:31 of 1st period - Jacob Trouba is hit by Darnell Nurse and loses puck.
13:44 of 1st period - Darnell Nurse is hit by Andrew Cogliano and loses puck.
13:51 of 1st period - Brandon Montour is hit by Gabriel Landeskog and loses puck.
15:16 of 1st period - Penalty to Seth Jones is over, Seth Jones is back on ice.
15:45 of 1st period - Hampus Lindholm is hit by Kyle Palmieri and loses puck.
15:50 of 1st period - Wrist shot by Jonathan Marchessault.
15:50 of 1st period - Stopped by Darcy Kuemper with a rebound.
15:52 of 1st period - Snap shot by Kevin Shattenkirk.
15:52 of 1st period - Shot Misses the Net.
15:54 of 1st period - Slapshot by Eeli Tolvanen.
15:54 of 1st period - Stopped by Darcy Kuemper without a rebound.
15:55 of 1st period - Connor McDavid wins face-off versus Roope Hintz in Tampa Bay Lightning zone.
16:18 of 1st period - Anze Kopitar is hit by Dylan Larkin and loses puck.
17:36 of 1st period - Off-side.
17:37 of 1st period - Tomas Hertl wins face-off versus Dylan Larkin in neutral zone.
17:42 of 1st period - Wrist shot by Tomas Hertl.
17:42 of 1st period - Stopped by Connor Hellebuyck without a rebound.
17:43 of 1st period - Anze Kopitar wins face-off versus Nick Suzuki in Winnipeg Jets zone.
17:44 of 1st period - Slapshot by Kirill Kaprizov.
17:44 of 1st period - Shot Misses the Net.
17:46 of 1st period - Slapshot by Darnell Nurse.
17:46 of 1st period - Deflect By Anze Kopitar.
17:46 of 1st period - Shot Misses the Net.
17:46 of 1st period - Puck is out of play.
17:47 of 1st period - Nick Suzuki wins face-off versus Anze Kopitar in Winnipeg Jets zone.
18:02 of 1st period - Wrist shot by Kirill Kaprizov.
18:02 of 1st period - Shot Misses the Net.
18:04 of 1st period - Snap shot by Anze Kopitar.
18:04 of 1st period - Stopped by Connor Hellebuyck with a rebound.
18:40 of 1st period - Slapshot by Johnny Gaudreau.
18:40 of 1st period - Shot Misses the Net.
18:42 of 1st period - Snap shot by Alexander Romanov.
18:42 of 1st period - Stopped by Connor Hellebuyck without a rebound.
18:43 of 1st period - Tomas Hertl wins face-off versus Nick Suzuki in Winnipeg Jets zone.
18:44 of 1st period - Slapshot by Johnny Gaudreau.
18:44 of 1st period - Goal by Johnny Gaudreau - Winnipeg Jets : 2 - Tampa Bay Lightning : 2.
18:45 of 1st period - Anze Kopitar wins face-off versus Nick Suzuki in neutral zone.
18:48 of 1st period - Snap shot by Anze Kopitar.
18:48 of 1st period - Stopped by Connor Hellebuyck with a rebound.
19:42 of 1st period - Wrist shot by Dylan Larkin.
19:42 of 1st period - Stopped by Darcy Kuemper with a rebound.
19:44 of 1st period - Snap shot by Brandon Montour.
19:44 of 1st period - Stopped by Darcy Kuemper without a rebound.
19:45 of 1st period - Anze Kopitar wins face-off versus Nick Suzuki in Tampa Bay Lightning zone.
19:54 of 1st period - Slapshot by Anze Kopitar.
19:54 of 1st period - Stopped by Connor Hellebuyck with a rebound.
Goals for this period are 2 for Winnipeg Jets vs 2 for Tampa Bay Lightning.
Shots for this period are 14 for Winnipeg Jets vs 10 for Tampa Bay Lightning.
2nd period
0:01 of 2nd period - Anze Kopitar wins face-off versus Mark Stone in neutral zone.
0:13 of 2nd period - Icing by Connor McDavid.
0:14 of 2nd period - Anze Kopitar wins face-off versus Connor McDavid in Winnipeg Jets zone.
0:29 of 2nd period - Snap shot by Anze Kopitar.
0:29 of 2nd period - Stopped by Connor Hellebuyck without a rebound.
0:30 of 2nd period - Roope Hintz wins face-off versus Nick Suzuki in Winnipeg Jets zone.
2:09 of 2nd period - Off-side.
2:10 of 2nd period - Pius Suter wins face-off versus Roope Hintz in neutral zone.
2:15 of 2nd period - Christian Dvorak is hit by John Klingberg and loses puck.
2:28 of 2nd period - Christian Dvorak is hit by Pius Suter and loses puck.
2:39 of 2nd period - Wrist shot by Seth Jones.
2:39 of 2nd period - Stopped by Darcy Kuemper with a rebound.
2:41 of 2nd period - Snap shot by Andrew Cogliano.
2:41 of 2nd period - Shot Misses the Net.
2:43 of 2nd period - Snap shot by Andrew Cogliano.
2:43 of 2nd period - Shot Misses the Net.
2:45 of 2nd period - Slapshot by Seth Jones.
2:45 of 2nd period - Shot Misses the Net.
2:47 of 2nd period - Snap shot by Pius Suter.
2:47 of 2nd period - Stopped by Darcy Kuemper without a rebound.
2:48 of 2nd period - Dylan Larkin wins face-off versus Anze Kopitar in Tampa Bay Lightning zone.
2:53 of 2nd period - Wrist shot by Dylan Larkin.
2:53 of 2nd period - Shot Misses the Net.
3:04 of 2nd period - Minor Penalty to Aaron Ekblad for Hooking.
3:05 of 2nd period - Johnny Gaudreau wins face-off versus Pius Suter in Winnipeg Jets zone.
3:25 of 2nd period - Andrew Copp is hit by Moritz Seider and loses puck.
3:35 of 2nd period - Off-side.
3:36 of 2nd period - Pius Suter wins face-off versus Anze Kopitar in neutral zone.
3:41 of 2nd period - Slapshot by Seth Jones.
3:41 of 2nd period - Shot Blocked by Ryan Graves.
3:49 of 2nd period - Wrist shot by Roope Hintz.
3:49 of 2nd period - Shot Misses the Net.
3:51 of 2nd period - Slapshot by Gabriel Landeskog.
3:51 of 2nd period - Stopped by Connor Hellebuyck without a rebound.
3:52 of 2nd period - Tomas Hertl wins face-off versus Nick Suzuki in Winnipeg Jets zone.
3:53 of 2nd period - Snap shot by Kirill Kaprizov.
3:53 of 2nd period - Shot Misses the Net.
4:36 of 2nd period - Snap shot by Seth Jones.
4:36 of 2nd period - Stopped by Darcy Kuemper with a rebound.
4:38 of 2nd period - Slapshot by Kevin Shattenkirk.
4:38 of 2nd period - Shot Blocked by Ryan Graves.
4:50 of 2nd period - Wrist shot by Pius Suter.
4:50 of 2nd period - Shot Misses the Net.
4:58 of 2nd period - Wrist shot by Andrew Cogliano.
4:58 of 2nd period - Shot Misses the Net.
5:00 of 2nd period - Snap shot by Andrew Cogliano.
5:00 of 2nd period - Shot Blocked by Roope Hintz.
5:02 of 2nd period - Slapshot by Kevin Shattenkirk.
5:02 of 2nd period - Shot Blocked by Gabriel Landeskog.
5:04 of 2nd period - Penalty to Aaron Ekblad is over, Aaron Ekblad is back on ice.
5:04 of 2nd period - Slapshot by Seth Jones.
5:04 of 2nd period - Shot Misses the Net.
5:06 of 2nd period - Snap shot by Seth Jones.
5:06 of 2nd period - Shot Misses the Net.
5:08 of 2nd period - Slapshot by Kevin Shattenkirk.
5:08 of 2nd period - Stopped by Darcy Kuemper with a rebound.
5:10 of 2nd period - Snap shot by Seth Jones.
5:10 of 2nd period - Stopped by Darcy Kuemper with a rebound.
5:12 of 2nd period - Snap shot by Andrew Cogliano.
5:12 of 2nd period - Stopped by Darcy Kuemper with a rebound.
5:14 of 2nd period - Snap shot by Aaron Ekblad.
5:14 of 2nd period - Shot Misses the Net.
5:16 of 2nd period - Wrist shot by Andrew Cogliano.
5:16 of 2nd period - Deflect By Gabriel Landeskog.
5:16 of 2nd period - Shot Misses the Net.
5:16 of 2nd period - Puck is out of play.
5:17 of 2nd period - Johnny Gaudreau wins face-off versus Connor McDavid in Tampa Bay Lightning zone.
5:44 of 2nd period - Vladislav Gavrikov is hit by Andrew Copp and loses puck.
6:31 of 2nd period - Kyle Palmieri is hit by Anze Kopitar.
6:51 of 2nd period - Snap shot by Lars Eller.
6:51 of 2nd period - Shot Hit the Post.
7:01 of 2nd period - Slapshot by Roope Hintz.
7:01 of 2nd period - Stopped by Connor Hellebuyck without a rebound.
7:02 of 2nd period - Dylan Cozens wins face-off versus Mark Stone in Winnipeg Jets zone.
7:13 of 2nd period - Wrist shot by Connor McDavid.
7:13 of 2nd period - Shot Misses the Net.
7:15 of 2nd period - Slapshot by John Klingberg.
7:15 of 2nd period - Shot Misses the Net.
7:17 of 2nd period - Slapshot by Mark Stone.
7:17 of 2nd period - Deflect By Connor McDavid.
7:17 of 2nd period - Stopped by Darcy Kuemper without a rebound.
7:18 of 2nd period - Anze Kopitar wins face-off versus Kyle Palmieri in Tampa Bay Lightning zone.
7:31 of 2nd period - Snap shot by Kirill Kaprizov.
7:31 of 2nd period - Stopped by Connor Hellebuyck with a rebound.
7:33 of 2nd period - Slapshot by Vladislav Gavrikov.
7:33 of 2nd period - Stopped by Connor Hellebuyck with a rebound.
7:35 of 2nd period - Wrist shot by Anze Kopitar.
7:35 of 2nd period - Stopped by Connor Hellebuyck without a rebound.
7:36 of 2nd period - Dylan Larkin wins face-off versus Dylan Cozens in Winnipeg Jets zone.
7:43 of 2nd period - Snap shot by Andrew Copp.
7:43 of 2nd period - Stopped by Darcy Kuemper without a rebound.
7:44 of 2nd period - Roope Hintz wins face-off versus Dylan Larkin in Tampa Bay Lightning zone.
7:53 of 2nd period - Wrist shot by Roope Hintz.
7:53 of 2nd period - Stopped by Connor Hellebuyck with a rebound.
7:55 of 2nd period - Slapshot by Roope Hintz.
7:55 of 2nd period - Shot Blocked by Mathew Barzal.
7:57 of 2nd period - Wrist shot by Dylan Cozens.
7:57 of 2nd period - Stopped by Connor Hellebuyck with a rebound.
9:35 of 2nd period - Kevin Shattenkirk is hit by Johnny Gaudreau and loses puck.
9:52 of 2nd period - Minor Penalty to Connor McDavid for Hooking.
9:53 of 2nd period - Nick Suzuki wins face-off versus Tomas Hertl in Winnipeg Jets zone.
10:21 of 2nd period - Icing by Roope Hintz.
10:22 of 2nd period - Pius Suter wins face-off versus Anze Kopitar in Tampa Bay Lightning zone.
10:31 of 2nd period - Aaron Ekblad is hit by Darnell Nurse and loses puck.
11:08 of 2nd period - Backhand shot by Anze Kopitar.
11:08 of 2nd period - Shot Misses the Net.
11:10 of 2nd period - Snap shot by Roope Hintz.
11:10 of 2nd period - Shot Misses the Net.
11:12 of 2nd period - Snap shot by Roope Hintz.
11:12 of 2nd period - Stopped by Connor Hellebuyck without a rebound.
11:13 of 2nd period - Tomas Hertl wins face-off versus Nick Suzuki in Winnipeg Jets zone.
11:16 of 2nd period - Backhand shot by Kirill Kaprizov.
11:16 of 2nd period - Stopped by Connor Hellebuyck without a rebound.
11:17 of 2nd period - Nick Suzuki wins face-off versus Tomas Hertl in Winnipeg Jets zone.
11:52 of 2nd period - Penalty to Connor McDavid is over, Connor McDavid is back on ice.
11:59 of 2nd period - Off-side.
12:00 of 2nd period - Lars Eller wins face-off versus Nick Suzuki in neutral zone.
12:07 of 2nd period - Snap shot by Alexander Kerfoot.
12:07 of 2nd period - Deflect By Ivan Barbashev.
12:07 of 2nd period - Shot Misses the Net.
12:07 of 2nd period - Puck is out of play.
12:08 of 2nd period - Nick Suzuki wins face-off versus Lars Eller in Winnipeg Jets zone.
12:28 of 2nd period - Snap shot by Ivan Barbashev.
12:28 of 2nd period - Shot Misses the Net.
12:30 of 2nd period - Slapshot by Darnell Nurse.
12:30 of 2nd period - Shot Blocked by Kevin Shattenkirk.
12:32 of 2nd period - Slapshot by Darnell Nurse.
12:32 of 2nd period - Stopped by Connor Hellebuyck without a rebound.
12:33 of 2nd period - Anze Kopitar wins face-off versus Dylan Larkin in Winnipeg Jets zone.
13:07 of 2nd period - Jacob Trouba is hit by Christian Dvorak and loses puck.
13:31 of 2nd period - Kyle Palmieri is hit by Tomas Hertl and loses puck.
13:48 of 2nd period - Wrist shot by Ivan Barbashev.
13:48 of 2nd period - Stopped by Connor Hellebuyck with a rebound.
13:54 of 2nd period - Wrist shot by Andrew Cogliano.
13:54 of 2nd period - Stopped by Darcy Kuemper without a rebound.
13:55 of 2nd period - Dylan Larkin wins face-off versus Anze Kopitar in Tampa Bay Lightning zone.
14:04 of 2nd period - Wrist shot by Mathew Barzal.
14:04 of 2nd period - Stopped by Darcy Kuemper with a rebound.
14:06 of 2nd period - Slapshot by John Klingberg.
14:06 of 2nd period - Shot Misses the Net.
14:08 of 2nd period - Slapshot by John Klingberg.
14:08 of 2nd period - Shot Blocked by Ryan Graves.
14:10 of 2nd period - Wrist shot by Dylan Larkin.
14:10 of 2nd period - Stopped by Darcy Kuemper without a rebound.
14:11 of 2nd period - Roope Hintz wins face-off versus Connor McDavid in Tampa Bay Lightning zone.
14:45 of 2nd period - Wrist shot by Johnny Gaudreau.
14:45 of 2nd period - Stopped by Connor Hellebuyck with a rebound.
14:47 of 2nd period - Snap shot by Johnny Gaudreau.
14:47 of 2nd period - Stopped by Connor Hellebuyck without a rebound.
14:48 of 2nd period - Dylan Larkin wins face-off versus Anze Kopitar in Winnipeg Jets zone.
16:24 of 2nd period - Off-side.
16:25 of 2nd period - Kirill Kaprizov wins face-off versus Connor McDavid in neutral zone.
17:02 of 2nd period - Wrist shot by Roope Hintz.
17:02 of 2nd period - Shot Blocked by Aaron Ekblad.
18:02 of 2nd period - Anze Kopitar is hit by Ryan Nugent-Hopkins and loses puck.
18:25 of 2nd period - Dylan Cozens is hit by Kevin Shattenkirk.
18:34 of 2nd period - Wrist shot by Mathew Barzal.
18:34 of 2nd period - Deflect By Dylan Cozens.
18:34 of 2nd period - Shot Misses the Net.
18:34 of 2nd period - Puck is out of play.
18:35 of 2nd period - Anze Kopitar wins face-off versus Nick Suzuki in Tampa Bay Lightning zone.
18:49 of 2nd period - Wrist shot by Nick Suzuki.
18:49 of 2nd period - Stopped by Darcy Kuemper without a rebound.
18:50 of 2nd period - Dylan Larkin wins face-off versus Anze Kopitar in Tampa Bay Lightning zone.
18:55 of 2nd period - Snap shot by Dylan Larkin.
18:55 of 2nd period - Shot Blocked by Alexander Romanov.
19:17 of 2nd period - Hampus Lindholm is hit by Jacob Trouba and loses puck.
19:24 of 2nd period - Slapshot by Ryan Nugent-Hopkins.
19:24 of 2nd period - Deflect By Johnny Gaudreau.
19:24 of 2nd period - Shot Hit the Post.
19:24 of 2nd period - Puck is out of play.
19:25 of 2nd period - Anze Kopitar wins face-off versus Nick Suzuki in Tampa Bay Lightning zone.
Goals for this period are 0 for Winnipeg Jets vs 0 for Tampa Bay Lightning.
Shots for this period are 12 for Winnipeg Jets vs 14 for Tampa Bay Lightning.
3rd period
0:01 of 3rd period - Connor McDavid wins face-off versus Anze Kopitar in neutral zone.
0:11 of 3rd period - Wrist shot by Gabriel Landeskog.
0:11 of 3rd period - Shot Misses the Net.
0:18 of 3rd period - Minor Penalty to Jacob Trouba for Hooking.
0:19 of 3rd period - Tomas Hertl wins face-off versus Nick Suzuki in Winnipeg Jets zone.
0:31 of 3rd period - Slapshot by Kirill Kaprizov.
0:31 of 3rd period - Stopped by Connor Hellebuyck with a rebound.
0:33 of 3rd period - Wrist shot by Tomas Hertl.
0:33 of 3rd period - Goal by Tomas Hertl - Winnipeg Jets : 2 - Tampa Bay Lightning : 3.
0:34 of 3rd period - Anze Kopitar wins face-off versus Dylan Larkin in neutral zone.
0:43 of 3rd period - Snap shot by Kirill Kaprizov.
0:43 of 3rd period - Shot Blocked by Aaron Ekblad.
0:45 of 3rd period - Slapshot by Vladislav Gavrikov.
0:45 of 3rd period - Stopped by Connor Hellebuyck without a rebound.
0:46 of 3rd period - Anze Kopitar wins face-off versus Dylan Larkin in Winnipeg Jets zone.
0:57 of 3rd period - Snap shot by Mathew Barzal.
0:57 of 3rd period - Stopped by Darcy Kuemper with a rebound.
0:59 of 3rd period - Slapshot by Brandon Montour.
0:59 of 3rd period - Stopped by Darcy Kuemper with a rebound.
1:01 of 3rd period - Wrist shot by Andrew Copp.
1:01 of 3rd period - Stopped by Darcy Kuemper without a rebound.
1:02 of 3rd period - Connor McDavid wins face-off versus Tomas Hertl in Tampa Bay Lightning zone.
1:13 of 3rd period - Snap shot by Mark Stone.
1:13 of 3rd period - Shot Blocked by Vladislav Gavrikov.
1:19 of 3rd period - Aaron Ekblad is hit by Tomas Hertl and loses puck.
1:23 of 3rd period - Icing by Seth Jones.
1:24 of 3rd period - Anze Kopitar wins face-off versus Connor McDavid in Winnipeg Jets zone.
1:41 of 3rd period - Wrist shot by Connor McDavid.
1:41 of 3rd period - Shot Misses the Net.
1:43 of 3rd period - Slapshot by Aaron Ekblad.
1:43 of 3rd period - Stopped by Darcy Kuemper without a rebound.
1:44 of 3rd period - Nick Suzuki wins face-off versus Roope Hintz in Tampa Bay Lightning zone.
2:34 of 3rd period - Darnell Nurse is hit by Connor McDavid and loses puck.
2:39 of 3rd period - Snap shot by Connor McDavid.
2:39 of 3rd period - Stopped by Darcy Kuemper without a rebound.
2:40 of 3rd period - Roope Hintz wins face-off versus Nick Suzuki in Tampa Bay Lightning zone.
3:38 of 3rd period - Snap shot by Tomas Hertl.
3:38 of 3rd period - Shot Misses the Net.
3:54 of 3rd period - Minor Penalty to Alexander Romanov for Interference.
3:55 of 3rd period - Anze Kopitar wins face-off versus Connor McDavid in Tampa Bay Lightning zone.
5:31 of 3rd period - Ryan Nugent-Hopkins is hit by Hampus Lindholm and loses puck.
5:39 of 3rd period - Icing by Ryan Nugent-Hopkins.
5:40 of 3rd period - Connor McDavid wins face-off versus Anze Kopitar in Winnipeg Jets zone.
5:54 of 3rd period - Penalty to Alexander Romanov is over, Alexander Romanov is back on ice.
6:23 of 3rd period - Slapshot by Pius Suter.
6:23 of 3rd period - Stopped by Darcy Kuemper without a rebound.
6:24 of 3rd period - Anze Kopitar wins face-off versus Pius Suter in Tampa Bay Lightning zone.
6:29 of 3rd period - Wrist shot by Gabriel Landeskog.
6:29 of 3rd period - Shot Misses the Net.
7:52 of 3rd period - Snap shot by Jonathan Marchessault.
7:52 of 3rd period - Shot Misses the Net.
8:54 of 3rd period - Snap shot by Christian Dvorak.
8:54 of 3rd period - Deflect By Dylan Cozens.
8:54 of 3rd period - Shot Misses the Net.
8:54 of 3rd period - Puck is out of play.
8:55 of 3rd period - Dylan Larkin wins face-off versus Anze Kopitar in Winnipeg Jets zone.
9:22 of 3rd period - Ryan Graves is hit by John Klingberg and loses puck.
9:46 of 3rd period - Minor Penalty to Nick Suzuki for Slashing.
9:47 of 3rd period - Mark Stone wins face-off versus Tomas Hertl in Winnipeg Jets zone.
10:02 of 3rd period - Minor Penalty to Darnell Nurse for Holding.
10:03 of 3rd period - Anze Kopitar wins face-off versus Jonathan Marchessault in Tampa Bay Lightning zone.
10:03 of 3rd period - Anze Kopitar is hit by Jacob Trouba.
10:38 of 3rd period - Mark Stone is hit by Anze Kopitar and loses puck.
10:52 of 3rd period - Icing by Vladislav Gavrikov.
10:53 of 3rd period - Connor McDavid wins face-off versus Kirill Kaprizov in Tampa Bay Lightning zone.
11:46 of 3rd period - Penalty to Nick Suzuki is over, Nick Suzuki is back on ice.
12:02 of 3rd period - Penalty to Darnell Nurse is over, Darnell Nurse is back on ice.
12:47 of 3rd period - Kyle Palmieri is hit by Johnny Gaudreau.
12:53 of 3rd period - Minor Penalty to Jonathan Marchessault for Interference.
12:54 of 3rd period - Tomas Hertl wins face-off versus Nick Suzuki in Winnipeg Jets zone.
13:13 of 3rd period - Wrist shot by Aaron Ekblad.
13:13 of 3rd period - Stopped by Darcy Kuemper with a rebound.
13:15 of 3rd period - Wrist shot by Pius Suter.
13:15 of 3rd period - Stopped by Darcy Kuemper without a rebound.
13:16 of 3rd period - Anze Kopitar wins face-off versus Nick Suzuki in Tampa Bay Lightning zone.
13:25 of 3rd period - Snap shot by Gabriel Landeskog.
13:25 of 3rd period - Deflect By Roope Hintz.
13:25 of 3rd period - Shot Blocked by Brandon Montour.
13:25 of 3rd period - Puck is out of play.
13:26 of 3rd period - Gabriel Landeskog wins face-off versus Nick Suzuki in Winnipeg Jets zone.
14:02 of 3rd period - Icing by Darnell Nurse.
14:03 of 3rd period - Anze Kopitar wins face-off versus Pius Suter in Tampa Bay Lightning zone.
14:14 of 3rd period - Wrist shot by Gabriel Landeskog.
14:14 of 3rd period - Goal by Gabriel Landeskog - Winnipeg Jets : 2 - Tampa Bay Lightning : 4.
14:15 of 3rd period - Mathew Barzal wins face-off versus Tomas Hertl in neutral zone.
14:42 of 3rd period - Kirill Kaprizov is hit by Seth Jones and loses puck.
15:00 of 3rd period - Aaron Ekblad is hit by Roope Hintz.
15:08 of 3rd period - Snap shot by Roope Hintz.
15:08 of 3rd period - Stopped by Connor Hellebuyck with a rebound.
15:34 of 3rd period - Snap shot by Kirill Kaprizov.
15:34 of 3rd period - Shot Misses the Net.
15:50 of 3rd period - Snap shot by Nick Suzuki.
15:50 of 3rd period - Shot Misses the Net.
15:52 of 3rd period - Snap shot by Kyle Palmieri.
15:52 of 3rd period - Goal by Kyle Palmieri - Winnipeg Jets : 3 - Tampa Bay Lightning : 4.
15:53 of 3rd period - Pius Suter wins face-off versus Roope Hintz in neutral zone.
16:02 of 3rd period - Wrist shot by Roope Hintz.
16:02 of 3rd period - Stopped by Connor Hellebuyck with a rebound.
16:04 of 3rd period - Snap shot by Roope Hintz.
16:04 of 3rd period - Shot Misses the Net.
16:06 of 3rd period - Wrist shot by Christian Dvorak.
16:06 of 3rd period - Deflect By John Klingberg.
16:06 of 3rd period - Stopped by Connor Hellebuyck without a rebound.
16:07 of 3rd period - Nick Suzuki wins face-off versus Roope Hintz in Winnipeg Jets zone.
16:33 of 3rd period - Snap shot by Tomas Hertl.
16:33 of 3rd period - Stopped by Connor Hellebuyck with a rebound.
16:35 of 3rd period - Wrist shot by Johnny Gaudreau.
16:35 of 3rd period - Stopped by Connor Hellebuyck without a rebound.
16:36 of 3rd period - Tomas Hertl wins face-off versus Pius Suter in Winnipeg Jets zone.
16:39 of 3rd period - Snap shot by Tomas Hertl.
16:39 of 3rd period - Shot Blocked by Aaron Ekblad.
16:41 of 3rd period - Slapshot by Moritz Seider.
16:41 of 3rd period - Shot Blocked by Andrew Cogliano.
17:02 of 3rd period - Off-side.
17:03 of 3rd period - Roope Hintz wins face-off versus Connor McDavid in neutral zone.
17:28 of 3rd period - Connor McDavid is hit by Johnny Gaudreau and loses puck.
17:38 of 3rd period - Minor Penalty to John Klingberg for Hooking.
17:39 of 3rd period - Nick Suzuki wins face-off versus Tomas Hertl in Winnipeg Jets zone.
18:12 of 3rd period - Pius Suter is hit by Tomas Hertl and loses puck.
18:56 of 3rd period - Icing by Anze Kopitar.
18:57 of 3rd period - Pius Suter wins face-off versus Anze Kopitar in Tampa Bay Lightning zone.
18:58 of 3rd period - Slapshot by Brandon Montour.
18:58 of 3rd period - Deflect By Pius Suter.
18:58 of 3rd period - Stopped by Darcy Kuemper with a rebound.
19:04 of 3rd period - Brandon Montour is hit by Gabriel Landeskog and loses puck.
19:17 of 3rd period - Snap shot by Nick Suzuki.
19:17 of 3rd period - Stopped by Darcy Kuemper without a rebound.
19:18 of 3rd period - Barry Trotz call a timeout for Winnipeg Jets.
19:18 of 3rd period - Nick Suzuki wins face-off versus Tomas Hertl in Tampa Bay Lightning zone.
19:38 of 3rd period - Penalty to John Klingberg is over, John Klingberg is back on ice.
19:57 of 3rd period - Winnipeg Jets, Connor Hellebuyck is pulled from the net.
Goals for this period are 1 for Winnipeg Jets vs 2 for Tampa Bay Lightning.
Shots for this period are 11 for Winnipeg Jets vs 9 for Tampa Bay Lightning.
Back to the Top